 Dungeon Crawl Stone Soup version 0.29-a0-819-g94b489e0ae (webtiles) character file.

Game seed: 10689911254646142682

3 spaghetti the Trooper (level 1, -1/27 HPs)
             Began as a Demonspawn Berserker on July 7, 2022.
             Was a Follower of Trog.
             Slain by a kobold
             ... wielding a +0 short sword
              (3 damage)
             ... on level 2 of the Dungeon.
             The game lasted 00:00:29 (355 turns).

spaghetti the Trooper (Demonspawn Berserker)         Turns: 355, Time: 00:00:30

Health: -1/27      AC:  2    Str: 17    XL:     1   Next: 41%
Magic:  1/1        EV: 12    Int:  8    God:    Trog [*.....]
Gold:   21         SH:  0    Dex: 12    Spells: 0/0 levels left

rFire   . . .      SeeInvis .     - Unarmed
rCold   . . .      Faith    .   (no shield)
rNeg    . . .      Spirit   .   a - +0 animal skin
rPois   .          Reflect  .   (no helmet)
rElec   .          Harm     .   (no cloak)
rCorr   .          Rampage  .   (no gloves)
Will    .....                   (no boots)
Stlth   ..........              (no amulet)
HPRegen 0.09/turn               (no ring)
MPRegen 0.07/turn               (no ring)

@: berserking (expiring), very quick
A: no striking features
a: Renounce Religion, Berserk


You were on level 2 of the Dungeon.
You worshipped Trog.
Trog was aware of your devotion.
You visited 1 branch of the dungeon, and saw 2 of its levels.

You collected 21 gold pieces.


   Skills:
 + Level 3.1 Fighting
 - Level 1.7 Armour
 - Level 1.7 Dodging
 + Level 2.8 Unarmed Combat


You couldn't memorise any spells.
You didn't know any spells.
Your spell library was empty.

Inventory:

Hand Weapons
 e - a +0 dagger {short}
   (You took it off a goblin on level 1 of the Dungeon)
Missiles
 d - 16 stones (quivered) {throwing}
Armour
 a - a +0 animal skin (worn)
Scrolls
 b - a scroll of vulnerability {unknown}
 c - a scroll of identify {unknown}

Dungeon Overview and Level Annotations

Branches:
Dungeon (2/15) Zot: 11648

Altars:

Annotations:
D:2 Natasha

###########
#####..........
###..............
#...#####'#######
+...###.....#
#...##.....##
##### +...#.....##
......##...#....##
#..h@...'...##
#..K>...#..##
#........#.#.##
##.####.##.### #
......# ...?...#
#+#.....# .....!#
....+


You could see Natasha and a kobold.


Message History

No target in view!
No target in view!
No target in view!
No target in view!
No target in view!
A quokka comes into view.
A quokka is nearby!
A quokka is nearby!
You barely miss the quokka. The quokka barely misses you.
You miss the quokka. The quokka barely misses you.
You closely miss the quokka. The quokka barely misses you.
You closely miss the quokka. The quokka barely misses you.
You hit the quokka but do no damage. The quokka barely misses you.
The quokka misses you.
You hit the quokka but do no damage. The quokka completely misses you.
You hit the quokka. The quokka bites you. 😕 HP[-2]
You take 2 damage, and now have 16/18 hp.
You are too injured to fight recklessly!
You are too injured to fight recklessly!
A quokka is nearby!
A quokka is nearby!
You miss the quokka. The quokka barely misses you.
You barely miss the quokka. The quokka closely misses you.
You closely miss the quokka. The quokka bites you. 😕 HP[-2]
You take 2 damage, and now have 14/18 hp.
You hit the quokka.
You kill the quokka!
Trog accepts your kill.
You see here a quokka corpse.
Key pressed, stopping explore.
d - 16 stones {throwing} (gained 9)
A sourceless malevolence fills the Dungeon...
You fall into a shaft and drop 1 floor!
The shaft crumbles and collapses.
Found a stone staircase leading down. 😎 HP[+4]
Your hp is fully restored (18).
Unknown command.
Unknown command.
Unknown command.
No target in view!
You open the door.
There is an open door here.
As you open the door, it creaks loudly!
You hear an angry hiss.
You hear a shout!
There is an open door here.
A kobold comes into view. It is wielding a +0 short sword.
A kobold is nearby!
A kobold is nearby!
Natasha, Servant of Life and Death comes into view.
Natasha hisses angrily.
The kobold throws a stone.
The stone closely misses you.
Unknown command.
You barely miss Natasha. Natasha claws you. 😕 HP[-4]
You take 4 damage, and now have 14/18 hp.
MASSIVE DAMAGE!! (PAUSE) Unknown command.
A red film seems to cover your vision as you go berserk!
You feel yourself moving faster!
You feel mighty! The kobold completely misses you.
Natasha barely misses you. 😕 HP[+8]
You now have 27 max hp (+9).
You regained 8 hp, and now have 22/27 hp.
You closely miss Natasha. The kobold barely misses you.
You closely miss Natasha. Natasha claws you.
The kobold barely misses you. 😮 HP[-2]
You take 2 damage, and now have 20/27 hp.
You closely miss Natasha. Natasha claws you.
The kobold hits you with a +0 short sword. 😮 HP[-6]
You take 6 damage, and now have 14/27 hp.
MASSIVE DAMAGE!! (PAUSE) Unknown command.
You punch Natasha! You punch Natasha!
Natasha drinks a potion.
Natasha is healed!
The kobold hits you with a +0 short sword.
* * * LOW HITPOINT WARNING * * *
😨 HP[-2]
You take 2 damage, and now have 12/27 hp.
Unknown command.
You punch Natasha! Natasha casts a spell at you. The magic dart hits you.
* * * LOW HITPOINT WARNING * * *
The kobold misses you. 😱 HP[-6]
You take 6 damage, and now have 6/27 hp.
MASSIVE DAMAGE!! (PAUSE) Unknown command.
Unknown command.
You hit Natasha. You barely miss Natasha. Natasha claws you.
* * * LOW HITPOINT WARNING * * *
The kobold hits you with a +0 short sword.
You die...

Action                   || total
-------------------------++-------
Melee: Unarmed           ||    27
Invok: Berserk           ||     1
Dodge: Dodged            ||    16

Levels and vault maps discovered:
D:1:      amcnicky_arrival_single_pillar, layout_basic,
          minmay_misc_feat_hallway, minmay_quantized
D:2:      layout_basic, minmay_quadrilaterals, uniq_natasha

Notes
Turn   | Place    | Note
-------+----------+-------------------------------------------
     0 | D:1      | spaghetti the Demonspawn Berserker began the quest for the
                  | Orb.
     0 | D:1      | Reached XP level 1. HP: 18/18 MP: 1/1
     0 | D:1      | magus.rc [v1.9.6]
   324 | D:1      | You fall into a shaft and drop 1 floor!
   343 | D:2      | Noticed Natasha
   353 | D:2      | HP: 6/27 [Natasha/magic dart (6)]
   355 | D:2      | HP: 2/27 [Natasha (4)]
   355 | D:2      | Slain by a kobold

Vanquished Creatures
  A goblin (D:1)
  A quokka (D:1)
  A frilled lizard (D:1)
3 creatures vanquished.

Table legend:
 A = Non-vault XP
 B = Vault XP
 C = Vault XP percentage of total XP
 D = Non-vault monster count
 E = Vault monster count
 F = Vault count percentage of total count
                 A         B        C        D         E       F
            +---------+---------+-------+---------+---------+-------
      Total |       5 |       0 |   0.0 |       3 |       0 |   0.0
            +---------+---------+-------+---------+---------+-------
        D:1 |       5 |       0 |   0.0 |       3 |       0 |   0.0
            +---------+---------+-------+---------+---------+-------

Illustrated notes

Table legend:
 A = Kills in this place as a percentage of kills in entire the game.
 B = Kills by you in this place as a percentage of kills by you in the entire game.
 C = Kills by friends in this place as a percentage of kills by friends in the entire game.
 D = Other kills in this place as a percentage of other kills in the entire game.
 E = Experience gained in this place as a percentage of experience gained in the entire game.
 F = Experience gained in this place divided by the number of levels of this place that you have seen.
                   A       B       C       D       E      F
               +-------+-------+-------+-------+-------+----------------------
         Total | 100.0 | 100.0 |   N/A |   N/A | 100.0 |   2.5
       Dungeon | 100.0 | 100.0 |   N/A |   N/A | 100.0 |   2.5
               +-------+-------+-------+-------+-------+----------------------

Table legend: (Time is in decaauts)
 A = Elapsed time spent in this place.
 B = Non-inter-level travel time spent in this place.
 C = Inter-level travel time spent in this place.
 D = Time resting spent in this place.
 E = Time spent auto-exploring this place.
 F = Levels seen in this place.
 G = Mean time per level.
                   A        B        C        D        E       F      G
               +--------+--------+--------+--------+--------+-----+--------+
         Total |    351 |    351 |      0 |      0 |    302 |   2 |  175.5 |
       Dungeon |    351 |    351 |      0 |      0 |    302 |   2 |  175.5 |
               +--------+--------+--------+--------+--------+-----+--------+

Top non-repeatable levels by time:
     D:1: 322 daAuts
     D:2: 28 daAuts
